 Dungeon Crawl Stone Soup version 0.20.1-1-g8b1a95d (webtiles) character file.

20912 Gargoyl the Severer (level 12, -1/107 HPs)
             Began as a Minotaur Abyssal Knight on July 21, 2017.
             Was a High Priest of Lugonu.
             Slain by an efreet
             ... wielding a +1 scimitar of flaming
              (3 damage)
             ... in a volcano.
             The game lasted 00:28:30 (13571 turns).

Gargoyl the Severer (Minotaur Abyssal Knight)      Turns: 13571, Time: 00:28:31

Health: -1/107     AC: 24    Str: 19    XL:     12   Next: 49%
Magic:  12/16      EV:  6    Int: 11    God:    Lugonu [*****.]
Gold:   627        SH: 12    Dex: 13    Spells: 11/11 levels left

rFire    . . .     SeeInvis .   d - +5 war axe
rCold    . . .     Gourm    .   L - +0 shield (curse)
rNeg     . . .     Faith    .   H - +0 plate armour
rPois    +         Spirit   .   (helmet unavailable)
rElec    +         Reflect  +   b - +2 cloak {+Inv}
rCorr    .         Harm     .   l - +2 pair of gloves
MR       .....     Rnd*Rage +   Q - +0 pair of boots
Stlth    ..........             w - +3 amulet of reflection
Regen    0.3/turn               q - ring of flight
MPRegen  0.2/turn               I - +2 ring of intelligence

@: no status effects
A: retaliatory headbutt, horns 3, berserk 1, poison resistance, electricity
resistance
a: Depart the Abyss, Bend Space, Banish, Corrupt, Enter the Abyss, Renounce
Religion, Evoke Invisibility, Evoke Flight


You were in a volcano.
You worshipped Lugonu.
Lugonu was extremely pleased with you.
You were not hungry.

You visited 2 branches of the dungeon, and saw 13 of its levels.
You visited the Abyss 1 time.
You also visited: Volcano.

You collected 627 gold pieces.

Inventory:

Hand Weapons
 a - a +2 hand axe
 d - a +5 war axe (weapon)
Missiles
 y - 3 javelins (quivered)
Armour
 b - a +2 cloak of invisibility (worn)
 g - a +2 hat of magic resistance
 l - a +2 pair of gloves (worn)
 H - a +0 plate armour (worn)
 L - a cursed +0 shield (worn)
 Q - a +0 pair of boots (worn)
Jewellery
 k - an uncursed ring of ice
 q - a ring of flight (left hand)
 w - a +3 amulet of reflection (around neck)
 I - a +2 ring of intelligence (right hand)
 R - an uncursed ring of magical power {unknown}
Wands
 e - a wand of polymorph (15/24)
 f - a wand of polymorph (12/24)
 z - a wand of polymorph (12/24)
 A - a wand of iceblast (0/15)
 C - a wand of disintegration (13/24)
 D - a wand of flame (15/48)
 K - a wand of lightning (5/15)
 M - a wand of enslavement (13/24)
 T - a wand of polymorph (16/24)
Scrolls
 h - 6 scrolls of recharging
 j - 8 scrolls of remove curse
 m - a scroll of teleportation
 o - a scroll of identify
 x - a scroll of fear
 B - a scroll of fog
 J - 2 scrolls of magic mapping
 S - a scroll of blinking
Potions
 n - 3 potions of curing
 r - 3 potions of invisibility
 E - a potion of lignification
 G - 2 potions of might
 P - a potion of agility
Books
 s - a book of Necromancy

   Spells                             Type                      Level
   a - Pain                           Necromancy                   1
   b - Animate Skeleton               Necromancy                   1
   c - Vampiric Draining              Necromancy                   3
   d - Regeneration                   Charms/Necromancy            3
   e - Animate Dead                   Necromancy                   4
   f - Control Undead                 Necromancy                   4
 t - a book of Misfortune

   Spells                             Type                      Level
   a - Confusing Touch                Hexes                        1
   b - Confuse                        Hexes                        3
   c - Gell's Gravitas                Translocation                3
   d - Petrify                        Transmutation/Earth          4
   e - Metabolic Englaciation         Hexes/Ice                    5
   f - Yara's Violent Unravelling     Hexes/Transmutation          5
 F - a book of Power

   Spells                             Type                      Level
   a - Iskenderun's Battlesphere      Conjuration/Charms           5
   b - Venom Bolt                     Conjuration/Poison           5
   c - Bolt of Magma                  Conjuration/Fire/Earth       5
   d - Iron Shot                      Conjuration/Earth            6
   e - Orb of Destruction             Conjuration                  7
   f - Spellforged Servitor           Conjuration/Summoning        7
Comestibles
 c - 7 bread rations
 i - 3 meat rations
 p - a chunk of flesh
 u - 3 fruits
 v - 11 royal jellies


   Skills:
 + Level 10.5 Fighting
 + Level 15.2 Axes
 + Level 1.6 Throwing
 * Level 12.9 Armour
 + Level 3.9 Dodging
 - Level 0.8 Stealth
 + Level 4.3 Shields
 * Level 6.9 Invocations
 + Level 0.1 Evocations


You had 11 spell levels left.
You didn't know any spells.

Dungeon Overview and Level Annotations

Branches:
Dungeon (9/15)             Temple (0/1) D:4            Lair (4/6) D:9
  Swamp (0/4) Lair:2        Snake (0/4) Lair:2
    Orc: D:9-12

Altars:
Ashenzari
Elyvilon
Okawaru
Vehumet
The Shining One

Annotations:
D:3 lotsofdiagrams's ghost, novice NaVM


Innate Abilities, Weirdness & Mutations

You reflexively headbutt those who attack you in melee.
You have a pair of large horns on your head.
You tend to lose your temper in combat.
Your system is resistant to poisons. (rPois)
You are resistant to electric shocks. (rElec)


Message History

The bolt of fire hits you! The efreet gestures at you.
The fireball explodes!
The fireball engulfs you!
* * * LOW HITPOINT WARNING * * *
The fireball engulfs the efreet.
The efreet completely resists.
The fireball engulfs the efreet.
The efreet completely resists.
Press: ? - help, Shift-Dir - straight line, f - molten gargoyle
Aim: a molten gargoyle, wielding a mace (black smoke, chance to defeat MR: 54%)
The molten gargoyle resists with significant effort.
You feel somewhat more hungry. You block the efreet's attack.
The efreet hits you with a scimitar of flaming!
* * * LOW HITPOINT WARNING * * *
The efreet burns you.
* * * LOW HITPOINT WARNING * * *
You feel better.
The molten gargoyle hits you but does no damage.
The efreet hits you with a scimitar of flaming.
* * * LOW HITPOINT WARNING * * *
The efreet burns you.
You die...

#########
##§≈≈≈≈§§##
#§§≈≈≈≈.≈§#
##...≈≈....#
#...∩...∩...
#..R@9.....#
##..R#.E...#
###'###'###
#.§≈≈##.#
R§≈≈≈≈≈# .#
#.§≈§≈≈§## .
###§§≈≈§§
##..≈≈##
##.≈##


You could see an earth elemental, 2 efreet and a molten gargoyle.

Vanquished Creatures
  Gastronok (Lair:1)
  Fannar (Lair:3)
  2 death yaks (Lair:4)
  A two-headed ogre (D:9)
  Nergalle (Lair:2)
  Pikel (D:8)
  A black mamba (Lair:2)
  Joseph (Lair:1)
  A torpor snail (Lair:3)
  4 spiny frogs
  A rime drake (Lair:1)
  4 komodo dragons
  A kobold demonologist (D:9)
  A queen bee (D:8)
  A troll (D:9)
  4 blink frogs (Lair:2)
  4 hippogriffs
  19 yaks
  A fire elemental (Volcano)
  3 water moccasins
  7 porcupines
  4 orc warriors
  2 sky beasts
  A black bear (D:6)
  2 ice beasts
  3 wolves (Lair:1)
  3 ogres
  3 centaurs
  11 crocodiles
  A big kobold (D:9)
  8 bullfrogs
  2 scorpions
  A wyvern skeleton (D:7)
  15 killer bees (D:8)
  3 howler monkeys
  An electric eel (Lair:1)
  4 crimson imps
  8 orc wizards
  An orc priest (D:9)
  7 hounds
  2 jellies
  Crazy Yiuf (D:3)
  Terence (D:2)
  3 iguanas
  6 worker ants
  A killer bee zombie (D:5)
  2 hound zombies
  4 hound skeletons
  Robin (D:2)
  7 adders
  7 gnolls
  A howler monkey skeleton (D:4)
  5 river rats (D:4)
  A shadow imp (D:8)
  An ooze (D:2)
  2 adder zombies
  2 worms
  An adder skeleton (D:9)
  2 dart slugs
  5 leopard geckos
  23 orcs
  10 bats
  4 giant cockroaches
  16 goblins
  13 hobgoblins
  11 jackals
  17 kobolds
  3 quokkas
  5 frilled lizards
  27 rats
  A fungus (D:3)
  A plant (D:2)
326 creatures vanquished.

Vanquished Creatures (collateral kills)
  A crocodile (Lair:2)
1 creature vanquished.

Vanquished Creatures (others)
  A death yak (Lair:4)
  2 slaves (D:8)
  An orc (D:8)
  A quokka (D:7)
  6 starspawn tentacles (Abyss:2)
11 creatures vanquished.

Grand Total: 338 creatures vanquished

Notes
Turn   | Place    | Note
-------+----------+-------------------------------------------
     0 | Abyss:1  | Gargoyl the Minotaur Abyssal Knight began the quest for the Orb.
     0 | Abyss:1  | Reached XP level 1. HP: 19/19 MP: 1/1
    24 | Abyss:1  | Noticed a starcursed mass
    30 | Abyss:2  | Found a corrupted altar of Lugonu.
    52 | Abyss:2  | Noticed a tentacled starspawn
    69 | Abyss:2  | Noticed a ynoxinul
    93 | D:1      | Escaped the Abyss
   343 | D:1      | Reached XP level 2. HP: 25/27 MP: 2/2
   346 | D:1      | Reached * piety under Lugonu
   994 | D:1      | Reached XP level 3. HP: 33/33 MP: 3/3
  1208 | D:2      | Reached skill level 3 in Axes
  1495 | D:2      | Noticed Robin
  1495 | D:2      | Reached XP level 4. HP: 41/41 MP: 4/4
  1511 | D:2      | Killed Robin
  1514 | D:2      | Reached ** piety under Lugonu
  1785 | D:2      | Reached skill level 4 in Axes
  1817 | D:2      | Noticed Terence
  1838 | D:2      | Killed Terence
  1838 | D:2      | Reached XP level 5. HP: 13/47 MP: 5/5
  2289 | D:3      | Reached skill level 5 in Fighting
  2607 | D:3      | Reached skill level 5 in Axes
  2633 | D:3      | Noticed lotsofdiagrams's ghost (novice NaVM)
  2865 | D:4      | Found a glowing golden altar of the Shining One.
  2945 | D:4      | Found a staircase to the Ecumenical Temple.
  3019 | D:4      | Reached *** piety under Lugonu
  3032 | D:4      | Reached XP level 6. HP: 35/56 MP: 6/6
  3664 | D:3      | Found a runed door.
  3668 | D:3      | Noticed Crazy Yiuf
  3675 | D:3      | Killed Crazy Yiuf
  3675 | D:3      | Reached skill level 6 in Axes
  3863 | D:5      | Entered Level 5 of the Dungeon
  3960 | D:5      | Reached XP level 7. HP: 32/61 MP: 7/7
  4211 | D:5      | Reached skill level 7 in Axes
  4239 | D:5      | Reached **** piety under Lugonu
  4265 | D:5      | Reached skill level 5 in Armour
  4599 | D:5      | Reached skill level 8 in Axes
  5019 | D:6      | Reached XP level 8. HP: 70/70 MP: 8/8
  5358 | D:7      | Reached skill level 9 in Axes
  5876 | D:7      | Reached skill level 10 in Axes
  6147 | D:7      | Found a white marble altar of Elyvilon.
  6215 | D:8      | Reached XP level 9. HP: 79/79 MP: 9/9
  6229 | D:8      | Noticed Pikel
  6243 | D:8      | Killed Pikel
  6243 | D:8      | Reached ***** piety under Lugonu
  6428 | D:8      | Reached skill level 11 in Axes
  6543 | D:8      | Noticed a queen bee
  6566 | D:8      | Killed a queen bee
  6571 | D:8      | Reached skill level 12 in Axes
  6682 | D:9      | Reached skill level 1 in Throwing
  6779 | D:9      | Noticed a two-headed ogre
  7101 | D:9      | Reached XP level 10. HP: 66/88 MP: 10/10
  7267 | D:9      | Noticed a sun demon
  8126 | D:9      | Killed a two-headed ogre
  8126 | D:9      | Reached skill level 13 in Axes
  8151 | D:9      | Reached skill level 10 in Armour
  8524 | D:9      | Gained mutation: You are agile. (Dex +2) [mutagenic meat]
  8525 | D:9      | Gained mutation: You can translocate small distances at will. [mutagenic meat]
  8600 | D:9      | Found a shattered altar of Ashenzari.
  8601 | D:9      | Found an iron altar of Okawaru.
  8637 | D:9      | Found a staircase to the Lair.
  8881 | Lair:1   | Entered Level 1 of the Lair of Beasts
  9310 | Lair:1   | Reached XP level 11. HP: 94/97 MP: 13/13
  9399 | Lair:1   | Noticed Gastronok
  9589 | Lair:1   | Killed Gastronok
  9589 | Lair:1   | Reached skill level 14 in Axes
  9589 | Lair:1   | Reached skill level 1 in Shields
  9851 | Lair:1   | Noticed a five-headed hydra
  9852 | Lair:1   | Noticed an eight-headed hydra
  9855 | Lair:1   | Banished a five-headed hydra
  9893 | Lair:1   | Banished an eight-headed hydra
  9893 | Lair:1   | Reached skill level 5 in Invocations
 10146 | Lair:1   | Noticed Joseph
 10164 | Lair:1   | Killed Joseph
 10914 | Lair:2   | Found a staircase to the Snake Pit.
 10935 | Lair:2   | Found a staircase to the Swamp.
 11124 | Lair:2   | Noticed Nergalle
 11142 | Lair:2   | Killed Nergalle
 12034 | Lair:3   | Noticed Fannar
 12055 | Lair:3   | Killed Fannar
 12055 | Lair:3   | Reached XP level 12. HP: 72/106 MP: 15/15
 12263 | Lair:3   | Reached skill level 10 in Fighting
 12271 | Lair:3   | Reached skill level 15 in Axes
 12403 | Lair:3   | Lost mutation: You are agile. (Dex +2) [potion of mutation]
 12403 | Lair:3   | Lost mutation: You can translocate small distances at will. [potion of mutation]
 12403 | Lair:3   | Gained mutation: You are agile. (Dex +2) [potion of mutation]
 12403 | Lair:3   | Gained mutation: You tend to lose your temper in combat. [potion of mutation]
 12403 | Lair:3   | Gained mutation: Your system is resistant to poisons. (rPois) [potion of mutation]
 12404 | Lair:3   | Lost mutation: Your system is resistant to poisons. (rPois) [potion of mutation]
 12404 | Lair:3   | Lost mutation: You tend to lose your temper in combat. [potion of mutation]
 12404 | Lair:3   | Lost mutation: You are agile. (Dex +2) [potion of mutation]
 12404 | Lair:3   | Gained mutation: You are resistant to electric shocks. (rElec) [potion of mutation]
 12404 | Lair:3   | Gained mutation: You tend to lose your temper in combat. [potion of mutation]
 12404 | Lair:3   | Gained mutation: You have a pair of large horns on your head. [potion of mutation]
 12404 | Lair:3   | Gained mutation: Your system is resistant to poisons. (rPois) [potion of mutation]
 13344 | Lair:4   | Found a radiant altar of Vehumet.
 13349 | Lair:4   | Noticed a death yak
 13350 | Lair:4   | Noticed a death yak
 13352 | Lair:4   | Noticed a death yak
 13359 | Lair:4   | Killed a death yak
 13371 | Lair:4   | Banished a death yak
 13378 | Lair:4   | Killed a death yak
 13467 | Lair:4   | Found a dark tunnel.
 13473 | Volcano  | Entered a volcano
 13570 | Volcano  | HP: 1/107 [efreet/scimitar of flaming (5)]
 13571 | Volcano  | Slain by an efreet

Skill      XL: |  1  2  3  4  5  6  7  8  9 10 11 12 |
---------------+-------------------------------------+-----
Fighting       | 4 5 6 7 8 9 10 | 10.5
Axes           | 3 4 5 6 8 10 12 13 14 15 | 15.2
Armour         | 3 4 5 6 8 10 12 | 12.9
Dodging        | 2 3 |  3.9
Throwing       | 1 |  1.6
Invocations    | 2 4 6 |  6.9
Shields        | 3 4 |  4.3
Stealth        | |  0.8
Evocations     | |  0.1

Action                   |  1- 3 |  4- 6 |  7- 9 | 10-12 || total
-------------------------+-------+-------+-------+-------++-------
Melee: Hand axe          |    61 |   249 |    50 |       ||   360
       Headbutt          |     8 |    35 |    44 |   105 ||   192
       War axe           |       |       |   222 |   477 ||   699
Throw: Javelin           |       |       |     3 |     2 ||     5
Invok: Depart the Abyss  |     1 |       |       |       ||     1
       Banish            |       |       |       |     8 ||     8
Evoke: Wand              |       |       |     2 |       ||     2
  Use: Scroll            |       |     7 |    13 |    13 ||    33
       Potion            |       |       |     1 |     8 ||     9
  Eat: Chunk             |     2 |     8 |    10 |    25 ||    45
       Bread ration      |       |       |       |     1 ||     1
Armor: Chain mail        |    65 |   158 |   175 |    50 ||   448
       Leather armour    |     1 |       |       |       ||     1
       Plate armour      |       |       |       |   230 ||   230
Dodge: Dodged            |    53 |   105 |   107 |   127 ||   392
Block: Other             |       |     3 |    24 |    21 ||    48
       Reflection        |       |       |     1 |     2 ||     3
       Shield            |       |       |       |   149 ||   149
